 Dungeon Crawl Stone Soup version 0.31-a0-145-g046c7d2549 (webtiles) character file.

Game seed: 17259208657862622165

147 qw the Shooter (level 5, 0/46 HPs)
             Began as a Minotaur Hunter on June 7, 2023.
             Slain by an orc wizard
             ... wielding a +0 dagger
              (3 damage)
             ... on level 3 of the Dungeon.
             The game lasted 00:00:44 (1834 turns).

qw the Shooter (Minotaur Hunter)                    Turns: 1834, Time: 00:00:44

Health: 0/46       AC:  6    Str: 15    XL:     5   Next: 7%
Magic:  4/4        EV: 11    Int:  6    God:
Gold:   117        SH:  0    Dex: 16    Spells: 4/4 levels left

rFire   . . .        Y - +0 shortbow
rCold   . . .        (shield currently unavailable)
rNeg    . . .        d - +0 ring mail
rPois   .            (helmet restricted)
rElec   .            (no cloak)
rCorr   .            e - +0 pair of gloves
SInv    .            (no boots)
Will    .....        (no amulet)
Stlth   +            (no ring)
HPRegen 0.27/turn    (no ring)
MPRegen 0.09/turn

%: no passive effects
@: no status effects
A: horns 2, retaliatory headbutt
a: no special abilities


You were on level 3 of the Dungeon.
You visited 1 branch of the dungeon, and saw 3 of its levels.

You collected 117 gold pieces.


Innate Abilities, Weirdness & Mutations

You have a pair of horns on your head.
You reflexively headbutt those who attack you in melee.


   Skills:
 - Level 4.1 Fighting
 + Level 6.2 Ranged Weapons
 - Level 1.0 Armour
 - Level 2.1 Dodging
 - Level 0.7 Stealth


You had 4 spell levels left.
You didn't know any spells.
Your spell library was empty.

Inventory:

Hand Weapons
 Y - a +0 shortbow (weapon)
Armour
 d - a +0 ring mail (worn)
 e - a +0 pair of gloves (worn)
Scrolls
 b - a scroll of identify
 c - a scroll of blinking {unknown}
Potions
 a - a potion of brilliance {unknown}

Dungeon Overview and Level Annotations

Branches:
Dungeon (3/15)

Altars:
Sif Muna

Annotations:
D:3 exclusion: gnoll


Message History

You hear some strange, mumbled words.
Something tries to affect you, but you resist.
You hear some strange, mumbled words.
Something tries to affect you, but you resist.
The orc wizard barely misses you.
You shoot an arrow. The arrow hits the orc wizard!
The orc wizard is heavily wounded.
Something hits you.
You hear some strange, mumbled words.
A puff of flame appears from out of thin air!
The puff of flame hits you.
The orc wizard hits you but does no damage.
You shoot an arrow.
The arrow closely misses the orc wizard.
You hear some strange, mumbled words.
Something tries to affect you, but you resist.
Something hits you but does no damage.
The orc wizard gestures at you while chanting.
You resist with some effort.
You shoot an arrow.
The arrow closely misses the orc wizard.
Something hits you but does no damage. Something hits you.
The orc wizard hits you with a +0 dagger.
You shoot an arrow.
The arrow hits the orc wizard but does no damage.
The orc wizard is heavily wounded.
Something hits you. Something hits you but does no damage.
The orc wizard closely misses you. You furiously retaliate!
You headbutt the orc wizard.
You hear some strange, mumbled words.
A puff of flame appears from out of thin air!
The puff of flame hits you.
You hear some strange, mumbled words.
A magic dart appears from out of thin air!
The magic dart hits you.
The orc wizard hits you but does no damage.
You shoot an arrow. The arrow hits the orc wizard.
The orc wizard is severely wounded.
Something hits you but does no damage. Something hits you.
You die...

+...##......)7....
#....##.###..7....
#.....#.# #.......
#.}.}.#.# #.......
+..}....# #.......
#.}.}.### #.......
## #.....#
######..
#..#{...## #....
#_{o@..## #....
#..#{.## #.... ##
#### #####


You could see an orc wizard.

Vanquished Creatures
  7 gnolls
  3 adders (D:2)
  9 orcs
  2 ball pythons
  An endoplasm (D:2)
  3 giant cockroaches (D:1)
  5 goblins
  3 hobgoblins
  3 jackals (D:1)
  4 kobolds
  A quokka (D:1)
  2 frilled lizards
  A rat (D:1)
44 creatures vanquished.

Notes
Turn   | Place    | Note
-------+----------+-------------------------------------------
     0 | D:1      | qw the Minotaur Hunter began the quest for the Orb.
     0 | D:1      | Reached XP level 1. HP: 18/18 MP: 0/0
     0 | D:1      | 0 ||| qw: Version: 0.2-a-117-gc6b5c8b
     0 | D:1      | 0 ||| qw: Game counter: 2456
     0 | D:1      | 0 ||| qw: Always use a shield: true
     0 | D:1      | 0 ||| qw: God list: Okawaru
     0 | D:1      | 0 ||| qw: Allow faded altars: false
     0 | D:1      | 0 ||| qw: Do Orc after D:15 true
     0 | D:1      | 0 ||| qw: Do second Lair branch before Depths: true
     0 | D:1      | 0 ||| qw: Lair rune preference: random
     0 | D:1      | 0 ||| qw: Plans: Normal
     0 | D:1      | 0 ||| PLANNING D:1-11
    96 | D:1      | Reached XP level 2. HP: 25/25 MP: 1/1
   202 | D:1      | Reached skill level 5 in Ranged Weapons
   349 | D:1      | 349 ||| UPGRADING to +0 pair of gloves.
   354 | D:1      | 354 ||| READING scroll labelled DIW FIDEOG.
   355 | D:1      | 355 ||| READING scroll labelled SOHOUF MEIKU.
   356 | D:1      | 356 ||| DROPPING scroll of butterflies.
   358 | D:1      | 358 ||| Stepping ~*~*~tactically~*~*~ (cloud).
   510 | D:2      | Reached skill level 3 in Fighting
   621 | D:2      | Reached XP level 3. HP: 31/31 MP: 2/2
   801 | D:2      | Reached skill level 6 in Ranged Weapons
   801 | D:2      | Reached XP level 4. HP: 38/38 MP: 3/3
   920 | D:2      | Reached skill level 1 in Armour
  1258 | D:2      | 1258 ||| UPGRADING to +0 ring mail.
  1268 | D:2      | 1268 ||| DROPPING +0 leather armour.
  1269 | D:2      | 1269 ||| READING scroll labelled ZIF HOCWIATA.
  1270 | D:2      | 1270 ||| DRINKING 2 bubbling black potions.
  1271 | D:2      | 1271 ||| READING 3 scrolls of identify.
  1271 | D:2      | 1271 ||| IDENTIFYING amethyst potion
  1272 | D:2      | 1272 ||| READING 2 scrolls of identify.
  1272 | D:2      | 1272 ||| IDENTIFYING fizzy grey potion
  1273 | D:2      | 1273 ||| DROPPING potion of attraction.
  1274 | D:2      | 1274 ||| DROPPING potion of lignification.
  1296 | D:3      | 1296 ||| STAIRDANCE
  1484 | D:3      | Reached XP level 5. HP: 46/46 MP: 4/4
  1533 | D:3      | 1533 ||| FLEEEEING.
  1535 | D:3      | 1535 ||| FLEEEEING.
  1539 | D:3      | HP: 10/46 [gnoll/+0 halberd (9)]
  1816 | D:3      | Found a shimmering blue altar of Sif Muna.
  1823 | D:3      | 1823 ||| DRINKING potion of curing.
  1823 | D:3      | 1823 ||| (to cure confusion)
  1832 | D:3      | HP: 11/46 [orc wizard/+0 dagger (3)]
  1833 | D:3      | HP: 4/46 [something/puff of flame (6)]
  1834 | D:3      | Slain by an orc wizard

Levels and vault maps discovered:
D:1:      minmay_arrival_open_corners, layout_rooms, serial_park_tiny_pond,
          grunt_decor_clamped, minivault_14, minmay_distorted
D:2:      layout_basic
D:3:      layout_basic, grunt_temple_overflow_champion_of_chaos,
          palyth_temple_overflow_mages, nicolae_ru_the_path_less_chosen,
          chequers_garden

Skill      XL: |  1  2  3  4 |
---------------+-------------+-----
Ranged Weapons | 5 6 |  6.2
Fighting       | 3 4 |  4.1
Armour         | 1 |  1.0
Dodging        | |  2.1
Stealth        | |  0.7

Action                     |  1- 3 |  4- 6 || total
---------------------------+-------+-------++-------
   Fire: Shortbow          |    70 |    68 ||   138
    Use: Scroll            |     2 |     3 ||     5
         Potion            |       |     2 ||     2
 Armour: Leather armour    |     7 |       ||     7
         Ring mail         |       |    19 ||    19
  Dodge: Dodged            |    25 |    30 ||    55

Table legend:
 A = Non-vault XP
 B = Vault XP
 C = Vault XP percentage of total XP
 D = Non-vault monster count
 E = Vault monster count
 F = Vault count percentage of total count
                 A         B        C        D         E       F
            +---------+---------+-------+---------+---------+-------
      Total |     208 |       2 |   1.0 |      43 |       1 |   2.3
            +---------+---------+-------+---------+---------+-------
        D:1 |      22 |       2 |   8.3 |      12 |       1 |   7.7
        D:2 |     104 |       0 |   0.0 |      17 |       0 |   0.0
        D:3 |      82 |       0 |   0.0 |      14 |       0 |   0.0
            +---------+---------+-------+---------+---------+-------
